 Seeded DCSS version 0.30-a0-371-gad7725a93e (webtiles) character file.

Game seed: 7161577532371401991 (custom seed)

154 innerfire433 the Trooper (level 5, 0/42 HPs)
             Began as a Demonspawn Monk on Nov 21, 2022.
             Was a Priest of Makhleb.
             Slain by an orc priest
             ... wielding a +0 hand axe
              (2 damage)
             ... on level 3 of the Dungeon.
             The game lasted 00:05:32 (2786 turns).

innerfire433 the Trooper (Demonspawn Monk)          Turns: 2786, Time: 00:05:32

Health: 0/42       AC:  2    Str: 13    XL:     5   Next: 13%
Magic:  5/5        EV: 11    Int: 11    God:    Makhleb [***...]
Gold:   138        SH: 11    Dex: 16    Spells: 4/4 levels left

rFire   . . .      SeeInvis .    m - +0 whip (venom)
rCold   . . .      Faith    .    o - +0 tower shield
rNeg    . . .      Spirit   .    b - +0 robe
rPois   .          Reflect  .    (helmet restricted)
rElec   .          Harm     .    (no cloak)
rCorr   +          Rampage  .    (no gloves)
Will    .....                    (no boots)
Stlth   ++........               f - amulet of the acrobat
HPRegen 0.27/turn                g - ring of resist corrosion
MPRegen 0.09/turn                (no ring)

@: no status effects
A: antennae 1, repulsion field 1, powered by death 1
a: Renounce Religion, Minor Destruction, Lesser Servant of Makhleb


You were on level 3 of the Dungeon.
You worshipped Makhleb.
Makhleb was most pleased with you.
You visited 1 branch of the dungeon, and saw 3 of its levels.

You collected 138 gold pieces.

Inventory:

Hand Weapons
 a - a +0 falchion
 m - a +0 whip of venom (weapon)
Missiles
 l - a throwing net (quivered)
Armour
 b - a +0 robe (worn)
 e - a +1 helmet
 o - a +0 tower shield (worn)
Jewellery
 f - an amulet of the acrobat (around neck)
 g - a ring of resist corrosion (left hand)
Scrolls
 d - a scroll of teleportation
 j - a scroll of enchant armour {unknown}
 k - a scroll of identify {unknown}
 q - a scroll of poison {unknown}
Potions
 c - a potion of ambrosia
 h - a potion of heal wounds {unknown}
 i - 2 potions of curing {unknown}
 n - a potion of brilliance {unknown}
 p - a potion of resistance {unknown}


   Skills:
 + Level 4.1 Fighting
 - Level 3.6 Long Blades
 * Level 0.6 Maces & Flails
 + Level 3.6 Dodging
 - Level 2.0 Stealth


You had 4 spell levels left.
You didn't know any spells.
Your spell library contained the following spells:

 Spells                   Type           Power      Damage    Failure   Level
 Magic Dart               Conj           0%         1d3       100%        1
 Searing Ray              Conj           0%         2d4       100%        2
 Ozocubu's Armour         Ice            0%         N/A       100%        3
 Fulminant Prism          Conj/Hex       0%         3d5       100%        4
 Ozocubu's Refrigeration  Ice            0%         4d7       100%        7


Dungeon Overview and Level Annotations

Branches:
Dungeon (3/15)

Altars:
Makhleb


Innate Abilities, Weirdness & Mutations

You have a pair of small antennae on your head.
You are surrounded by a mild repulsion field. (EV +2)
You regenerate a little health from kills.


Message History

A goblin comes into view. It is wielding a +0 club.
The orc priest miscasts a cantrip.
You block something's attack.
The orc priest attacks as you move away!
The orc priest barely misses you.
You barely miss the orc priest. You block the orc priest's attack.
You block the orc priest's attack. You block the orc's attack.
You hit the orc.
The orc is poisoned.
The orc is heavily wounded.
The orc priest closely misses you. You block the orc's attack.
You hit the orc.
You kill the orc!
Makhleb accepts your kill.
You hear some strange, mumbled words.
A puff of flame appears from out of thin air!
The puff of flame hits you.
The orc priest hits you with a +0 hand axe.
You closely miss something.
You hear some strange, mumbled words.
A puff of flame appears from out of thin air!
The puff of flame hits you! You block the orc's attack.
The orc priest begins to cast a cantrip, but forgets the words!
You barely miss something. Something hits you.
The orc hits you with a +0 flail! The orc priest closely misses you.
Something hits you. You block the orc priest's attack.
You block the orc's attack.
You barely miss something. You block something's attack.
You block the orc's attack. The orc priest closely misses you.
You closely miss something.
You hear some strange, mumbled words.
A magic dart appears from out of thin air!
The magic dart hits you.
* * * LOW HITPOINT WARNING * * *
You block the orc's attack.
The orc priest hits you with a +0 hand axe.
* * * LOW HITPOINT WARNING * * *
Something hits you.
* * * LOW HITPOINT WARNING * * *
The orc priest hits you with a +0 hand axe.
You die...

###.#.#####
#####...#.....#
#.............#
####.............#
.................#
.................#
...g....o$.......#
....o.##{#.#####.#
..... #@#.# #.#
.... #oo.# #.# ###
######.## #.#
........# #.#
#........# #.#
#........####.#
#.............#
#........#.####
#........#.#


You could see an orc priest and 2 orcs.

Vanquished Creatures
  3 adders (D:2)
  4 gnolls
  2 worms
  5 dart slugs
  An orc (D:3)
  7 ball pythons
  5 endoplasms
  A giant cockroach (D:3)
  10 goblins
  8 hobgoblins
  5 jackals (D:1)
  2 kobolds (D:1)
  3 quokkas
  4 bats
  4 frilled lizards
  3 rats
67 creatures vanquished.

Notes
Turn   | Place    | Note
-------+----------+-------------------------------------------
     0 | D:1      | innerfire433 the Demonspawn Monk began the quest for the
                  | Orb.
     0 | D:1      | Reached XP level 1. HP: 18/18 MP: 1/1
    52 | D:1      | Gained mutation: You are surrounded by a mild repulsion
                  | field. (EV +2) [demonic ancestry]
    52 | D:1      | Reached XP level 2. HP: 6/24 MP: 2/2
   382 | D:1      | Reached XP level 3. HP: 25/29 MP: 3/3
   772 | D:1      | Found a faded altar of an unknown god.
  1169 | D:1      | Prayed at the altar of an unknown god.
  1169 | D:1      | Became a worshipper of Makhleb the Destroyer
  1169 | D:1      | Reached * piety under Makhleb
  1169 | D:1      | Reached ** piety under Makhleb
  1499 | D:2      | Gained mutation: You have a pair of small antennae on your
                  | head. [demonic ancestry]
  1499 | D:2      | Reached XP level 4. HP: 37/37 MP: 4/4
  1617 | D:2      | Reached *** piety under Makhleb
  2053 | D:2      | Reached skill level 4 in Fighting
  2522 | D:3      | Gained mutation: You regenerate a little health from kills.
                  | [demonic ancestry]
  2522 | D:3      | Reached XP level 5. HP: 42/42 MP: 5/5
  2786 | D:3      | HP: 2/42 [something (2)]
  2786 | D:3      | Slain by an orc priest

Illustrated notes

Levels and vault maps discovered:
D:1:      dpeg_arrival_rhombi, layout_rooms, shapermc_ecumenical_altar_petra,
          kennysheep_another_room, dreamdust_princess_bridge,
          hangedman_decor_lopped, dk_noncrumbling_4, minmay_pentomino_t2
D:2:      layout_basic, grunt_ministairs_10, minmay_misc_feat_square,
          kennysheep_generic_room_9
D:3:      layout_basic, mainiacjoe_overflow_catwalk, minmay_cupped

Skill      XL: |  1  2  3  4 |
---------------+-------------+-----
Stealth        | 2 |  2.0
Long Blades    | 3 |  3.6
Dodging        | 3 |  3.6
Fighting       | 4 |  4.1
Maces & Flails | |  0.6

Action                   |  1- 3 |  4- 6 || total
-------------------------+-------+-------++-------
Melee: Falchion          |   132 |    45 ||   177
       Punch             |     1 |       ||     1
       Whip              |       |    45 ||    45
  Use: Scroll            |       |     3 ||     3
       Potion            |       |     1 ||     1
 Stab: Sleeping          |     5 |     7 ||    12
Armor: Robe              |    21 |    11 ||    32
Dodge: Dodged            |   112 |    76 ||   188
Block: Tower shield      |       |    13 ||    13

Table legend: (Time is in decaauts)
 A = Elapsed time spent in this place.
 B = Non-inter-level travel time spent in this place.
 C = Inter-level travel time spent in this place.
 D = Time resting spent in this place.
 E = Time spent auto-exploring this place.
 F = Levels seen in this place.
 G = Mean time per level.
                   A        B        C        D        E       F      G
               +--------+--------+--------+--------+--------+-----+--------+
         Total |   2817 |   2386 |    431 |      0 |   1800 |   3 |  939.0 |
       Dungeon |   2817 |   2386 |    431 |      0 |   1800 |   3 |  939.0 |
               +--------+--------+--------+--------+--------+-----+--------+

Top non-repeatable levels by time:
     D:2: 1262 daAuts
     D:1: 1256 daAuts
     D:3: 299 daAuts
